 Dungeon Crawl Stone Soup version 0.26-a0-540-g8a0c9464d7 (webtiles) character file.

Game seed: 1421180422555259460

64 kae the Slasher (level 3, -5/32 HPs)
             Began as a Palentonga Fighter on Aug 24, 2020.
             Slain by a gnoll
             ... wielding a +0 flail
              (12 damage)
             ... on level 1 of the Dungeon.
             The game lasted 00:01:52 (1565 turns).

kae the Slasher (Palentonga Fighter)                Turns: 1565, Time: 00:01:52

Health: -5/32      AC:  6    Str: 20    XL:     3   Next: 91%
Magic:  3/3        EV:  5    Int:  8    God:
Gold:   23         SH:  8    Dex:  9    Spells: 2/2 levels left

rFire    . . .     SeeInvis +   a - +0 long sword
rCold    . . .     Faith    .   c - +0 kite shield
rNeg     . . .     Spirit   .   b - +0 scale mail
rPois    .         Reflect  .   (no helmet)
rElec    .         Harm     .   (no cloak)
rCorr    .                      (no gloves)
MR       .....                  (boots restricted)
Stlth    ..........             (no amulet)
HPRegen  0.10/turn              (no ring)
MPRegen  0.08/turn              (no ring)

@: no status effects
A: large, rugged brown scales 3, see invisible, deformed body, roll, armoured
tail
a: Rolling Charge


You were on level 1 of the Dungeon.
You visited 1 branch of the dungeon, and saw 2 of its levels.

You collected 23 gold pieces.

Inventory:

Hand Weapons
 a - a +0 long sword (weapon)
Armour
 b - a +0 scale mail (worn)
 c - a +0 kite shield (worn)
Scrolls
 h - 2 scrolls of identify {unknown}
Potions
 d - a potion of might
 e - a potion of brilliance
 f - 2 potions of flight {unknown}
 g - a potion of cancellation {unknown}
 i - 2 potions of magic {unknown}
 j - a potion of degeneration {unknown}


   Skills:
 + Level 3.6 Fighting
 * Level 3.7 Long Blades
 - Level 2.4 Armour
 - Level 2.4 Shields


You had 2 spell levels left.
You didn't know any spells.
Your spell library was empty.

Dungeon Overview and Level Annotations

Branches:
Dungeon (2/15)

Altars:


Innate Abilities, Weirdness & Mutations

You are completely covered in rugged brown scales. (AC +3, +7% HP)
You have supernaturally acute eyesight. (SInv)
Armour fits poorly on your strangely shaped body.
You can roll at foes to attack.
You have a long armoured tail.


Message History

The gnoll hits you but does no damage.
You slash the gnoll!
The gnoll is severely wounded.
The gnoll barely misses you.
The gnoll hits you but does no damage. x2
There is a stone staircase leading up here.
You see here 2 poisoned darts.
You block the gnoll's attack. The gnoll barely misses you.
You block the gnoll's attack.
You climb upwards.
There is a stone staircase leading down here.
You closely miss the gnoll.
The gnoll is severely wounded.
You block the gnoll's attack. The gnoll hits you with a +0 flail.
* * * LOW HITPOINT WARNING * * *
You hit the gnoll.
The gnoll is almost dead.
The gnoll hits you.
* * * LOW HITPOINT WARNING * * *
The gnoll hits you with a +0 flail!
You die...

# ##################
.............#...#
############.#.#.#
.................#
##############...#
.............#...#
................g#
#.###.#######...@##########
#.###.#######...÷g........#
....#.....#......########.#
###.###.#.#.#.#..# #.# #
#...#.#...#.#..# #.#
#####.#.#####.#..# #.#
#<..#.#...# #.#### #.#
###.#####.###.# #.#
#...#...#...#.###########.##


You could see 2 gnolls.

Vanquished Creatures
  A gnoll (D:2)
  An adder (D:2)
  A worm (D:2)
  3 dart slugs
  A leopard gecko (D:1)
  4 giant cockroaches
  4 goblins
  2 hobgoblins (D:1)
  6 kobolds
  A quokka (D:2)
  A ball python (D:2)
  3 bats (D:1)
  3 frilled lizards
  6 rats
37 creatures vanquished.

Notes
Turn   | Place    | Note
-------+----------+-------------------------------------------
     0 | D:1      | kae the Palentonga Fighter began the quest for the Orb.
     0 | D:1      | Reached XP level 1. HP: 19/19 MP: 1/1
   362 | D:1      | Reached XP level 2. HP: 19/25 MP: 2/2
   980 | D:2      | Noticed an orc warrior
  1032 | D:2      | Reached XP level 3. HP: 31/31 MP: 3/3
  1565 | D:1      | Slain by a gnoll

Illustrated notes

Levels and vault maps discovered:
D:1:      elethiomel_arrival_maze, layout_basic
D:2:      layout_rooms

Skill      XL: |  1  2 |
---------------+-------+-----
Long Blades    | 3 |  3.7
Fighting       | |  3.6
Armour         | |  2.4
Shields        | |  2.4

Action                   || total
-------------------------++-------
Melee: Long sword        ||    99
       Tailslap          ||     8
 Abil: Rolling Charge    ||    13
  Use: Potion            ||     1
Armor: Scale mail        ||    59
Dodge: Dodged            ||    23
Block: Kite shield       ||    50
       Rpst.: Long sword ||     6

Table legend: (Time is in decaauts)
 A = Elapsed time spent in this place.
 B = Non-inter-level travel time spent in this place.
 C = Inter-level travel time spent in this place.
 D = Time resting spent in this place.
 E = Time spent auto-exploring this place.
 F = Levels seen in this place.
 G = Mean time per level.
                   A        B        C        D        E       F      G
               +--------+--------+--------+--------+--------+-----+--------+
         Total |   1599 |   1548 |     51 |    362 |    905 |   2 |  799.5 |
       Dungeon |   1599 |   1548 |     51 |    362 |    905 |   2 |  799.5 |
               +--------+--------+--------+--------+--------+-----+--------+

Top non-repeatable levels by time:
     D:1: 1324 daAuts
     D:2: 275 daAuts
